 Dungeon Crawl Stone Soup version 0.28-a0-533-g9f97627e2a (webtiles) character file.

Game seed: 15786900501371824328

18295 Johnny the Thaumaturge (level 12, -9/81 HPs)
             Began as a Deep Elf Earth Elementalist on Sept 25, 2021.
             Was a Priest of Dithmenos.
             Mangled by a reaper (33 damage)
             ... in an ice cave.
             The game lasted 00:20:17 (14583 turns).

Johnny the Thaumaturge (DEEE)                      Turns: 14583, Time: 00:20:18

Health: -9/81      AC: 12    Str:  5    XL:     12   Next: 26%
Magic:  14/31      EV: 11    Int: 26    God:    Dithmenos [***...]
Gold:   585        SH:  0    Dex: 15    Spells: 30/38 levels left

rFire   . . .      SeeInvis .   w - +2 whip (elec)
rCold   + . .      Faith    .   (no shield)
rNeg    . . .      Spirit   .   N - +4 troll leather armour
rPois   +          Reflect  .   E - +0 helmet
rElec   .          Harm     .   b - +1 cloak
rCorr   .          Rampage  .   d - +0 pair of gloves
Will    +....                   (no boots)
Stlth   ++........              i - amulet of regeneration
HPRegen 2.23/turn               f - ring of protection from cold
MPRegen 0.22/turn               z - ring of poison resistance

@: wreathed by umbra
A: no striking features
a: Renounce Religion, Shadow Step


You were in an ice cave.
You worshipped Dithmenos.
Dithmenos was most pleased with you.
You visited 2 branches of the dungeon, and saw 13 of its levels.
You also visited: Ice Cave.

You collected 771 gold pieces.
You spent 186 gold pieces at shops.

Inventory:

Hand Weapons
 w - a +2 whip of electrocution (weapon)
Missiles
 c - 180 stones
 C - 3 throwing nets
Armour
 b - a +1 cloak (worn)
 d - a +0 pair of gloves (worn)
 E - a +0 helmet (worn)
 F - a +2 robe of willpower
 N - a +4 troll leather armour (worn)
 O - the +5 chain mail of Exoicwot {Int+2}
   (You found it on level 11 of the Dungeon)

   Int:       It affects your intelligence (+2).
Jewellery
 f - a ring of protection from cold (left hand)
 i - an amulet of regeneration (around neck)
 x - a +4 ring of slaying
 z - a ring of poison resistance (right hand)
 H - a ring of flight
 M - a ring of protection from fire
Wands
 I - a wand of iceblast (7)
Scrolls
 a - 2 scrolls of noise
 g - a scroll of silence
 h - a scroll of vulnerability
 j - 5 scrolls of teleportation
 l - 4 scrolls of blinking
 n - 2 scrolls of holy word
 o - 2 scrolls of amnesia
 p - 2 scrolls of immolation
 r - 2 scrolls of fog
 y - 2 scrolls of magic mapping
 A - a scroll of brand weapon {unknown}
 K - 3 scrolls of torment {unknown}
Potions
 e - 3 potions of curing
 k - a potion of mutation
 m - 4 potions of heal wounds
 q - 3 potions of degeneration
 s - a potion of lignification {unknown}
 t - a potion of berserk rage
 u - 3 potions of flight
 B - a potion of magic {unknown}
 D - 2 potions of might {unknown}
 J - a potion of haste {unknown}
Miscellaneous
 L - a piece from Xom's chessboard (14/15)


   Skills:
 * Level 12.1 Fighting
 - Level 2.4 Dodging
 - Level 2.4 Stealth
 + Level 13.5 Spellcasting
 - Level 1.1 Transmutations
 + Level 11.6 Earth Magic


You had 30 spell levels left.
You knew the following spells:

 Your Spells              Type           Power      Damage    Failure   Level
a - Sandblast             Erth           100%       2d20      1%          1
b - Stone Arrow           Conj/Erth      96%        3d13      1%          3
c - Petrify               Tmut/Erth      50%        N/A       3%          4

Your spell library contained the following spells:

 Spells                   Type           Power      Damage    Failure   Level
 Passwall                 Tmut/Erth      41%        N/A       1%          2
 Wereblood                Tmut           23%        N/A       5%          2
 Sublimation of Blood     Necr           8%         N/A       9%          2
 Ignite Poison            Fire/Tmut/Pois 19%        N/A       14%         3
 Conjure Flame            Conj/Fire      17%        6-21      16%         3
 Sticky Flame             Conj/Fire      17%        2d4       47%         4
 Summon Ice Beast         Ice/Summ       17%        N/A       47%         4
 Summon Mana Viper        Hex/Summ       17%        N/A       83%         5
 Monstrous Menagerie      Summ           8%         N/A       100%        7
 Summon Hydra             Summ           8%         N/A       100%        7


Dungeon Overview and Level Annotations

Branches:
Dungeon (12/15)            Temple (1/1) D:5            Lair (0/6) D:11
    Orc (0/2) D:12          IceCv (1/1)

Altars:
Ashenzari
Cheibriados
Dithmenos
Elyvilon
Fedhas
Gozag
Hepliaklqana
Kikubaaqudgha
Makhleb
Nemelex Xobeh
Okawaru
Qazlal
Ru
Sif Muna
Trog
Uskayaw
Vehumet
Wu Jian
Xom
Yredelemnul
Zin
The Shining One

Shops:
D:5 ?   D:9 (


Message History

Aiming: Stone Arrow (safe; 1% risk of failure)
Press: ? - help, Shift-Dir - straight line, f/p - reaper
Aim: a reaper, wielding a +2 scythe of freezing, wearing a +0 robe of cold resistance and wearing a ring of ice (moderately wounded, umbra, 76% to hit)
The stone arrow hits the reaper!
The reaper is heavily wounded.
The reaper hits you from afar with a +2 scythe of freezing!!
Casting: Stone Arrow (safe; 1% risk of failure)
Confirm with . or Enter, or press ? or * to list all spells.
Aiming: Stone Arrow (safe; 1% risk of failure)
Press: ? - help, Shift-Dir - straight line, f/p - reaper
Aim: a reaper, wielding a +2 scythe of freezing, wearing a +0 robe of cold resistance and wearing a ring of ice (heavily wounded, umbra, 76% to hit)
The stone arrow misses the reaper.
The reaper closely misses you.
Casting: Stone Arrow (safe; 1% risk of failure)
Confirm with . or Enter, or press ? or * to list all spells.
Aiming: Stone Arrow (safe; 1% risk of failure)
Press: ? - help, Shift-Dir - straight line, f/p - reaper
Aim: a reaper, wielding a +2 scythe of freezing, wearing a +0 robe of cold resistance and wearing a ring of ice (heavily wounded, umbra, 76% to hit)
The stone arrow hits the reaper!
The reaper is severely wounded.
The reaper hits you from afar with a +2 scythe of freezing!!
The reaper freezes you.
Casting: Stone Arrow (safe; 1% risk of failure)
Confirm with . or Enter, or press ? or * to list all spells.
Aiming: Stone Arrow (safe; 1% risk of failure)
Press: ? - help, Shift-Dir - straight line, f/p - reaper
Aim: a reaper, wielding a +2 scythe of freezing, wearing a +0 robe of cold resistance and wearing a ring of ice (severely wounded, umbra, 76% to hit)
The stone arrow hits the reaper!!
The reaper is almost dead.
The reaper hits you from afar with a +2 scythe of freezing!
The reaper freezes you.
* * * LOW HITPOINT WARNING * * *
Casting: Stone Arrow (safe; 1% risk of failure)
Confirm with . or Enter, or press ? or * to list all spells.
Aiming: Stone Arrow (safe; 1% risk of failure)
Press: ? - help, Shift-Dir - straight line, f/p - reaper
Aim: a reaper, wielding a +2 scythe of freezing, wearing a +0 robe of cold resistance and wearing a ring of ice (almost dead, umbra, 76% to hit)
The stone arrow hits the reaper but does no damage.
The reaper is almost dead.
The reaper hits you from afar with a +2 scythe of freezing!!
You die...

##......# ##..
#.○§§°..## ##.°#
#.☼§.#○☼§# #...#
###☼....#§###..##
#§§#.#.....#..##
##§§#.##§..○..##).
#.○☼#..###....# ..
##....#...#...##
.. #.@.......#...#
#. #..####...#...#
##. .2... .#..§§.#
#.. #$.#....
.4.#§.# #..
##.#.#..# §.##.##
#.. # ## ..# #..
.## #.. .# ##..
#..#


You could see a reaper.

Vanquished Creatures
  Snorg (D:11)
  A hydra (D:11)
  2 two-headed ogres
  Pikel (D:7)
  A manticore (D:11)
  A cyclops (D:12)
  2 ice statues (IceCv)
  An unseen horror (D:11)
  A freezing wraith (IceCv)
  A kobold demonologist (D:11)
  6 ice devils (IceCv)
  Grinder (D:3)
  3 trolls
  2 hornets
  Prince Ribbit (D:7)
  2 slime creatures (D:8)
  A meliai zombie (D:11)
  Eustachio (D:5)
  A wyvern (D:6)
  A vampire (D:12)
  16 yaks
  A wraith (D:11)
  2 basilisks (D:11)
  2 steam dragons (D:8)
  2 vampire mosquitoes (D:8)
  Menkaure (D:5)
  Duvessa (D:5)
  4 water moccasins
  7 orc warriors
  2 ice beasts
  2 necrophages
  2 ogres (D:6)
  A black bear (D:4)
  4 sky beasts
  6 centaurs
  A lemure (D:7)
  2 kobold brigands
  A phantom (D:6)
  Blork the orc (D:5)
  4 bullfrogs
  A scorpion (D:5)
  Dowan (D:4)
  3 two-headed ogre simulacra (IceCv)
  A water moccasin zombie (D:5)
  A cane toad simulacrum (IceCv)
  A water moccasin skeleton (D:5)
  3 elephant simulacra (IceCv)
  9 wights (D:8)
  3 howler monkeys
  2 vampire bats (D:9)
  3 centaur zombies
  3 hounds
  3 orc priests
  Crazy Yiuf (D:6)
  A jelly (D:6)
  A centaur skeleton (D:7)
  A gnoll shaman (D:6)
  10 orc wizards
  5 iguanas
  A spriggan simulacrum (IceCv)
  2 polar bear simulacra (IceCv)
  A troll simulacrum (IceCv)
  A killer bee zombie (D:8)
  2 wolf simulacra (IceCv)
  A hound skeleton (D:4)
  A hound zombie (D:5)
  12 gnolls
  4 naga simulacra (IceCv)
  7 adders
  A howler monkey skeleton (D:5)
  A shadow imp (D:7)
  15 white imps
  4 ufetubi
  2 adder skeletons (D:4)
  2 worms (D:2)
  A dart slug (D:4)
  20 orcs
  5 bat skeletons (D:9)
  A bat zombie (D:9)
  8 endoplasms
  8 giant cockroaches
  9 goblins
  12 hobgoblins
  4 jackals (D:2)
  6 quokkas
  8 ball pythons
  6 bats
  7 frilled lizards
  21 kobolds
  5 rats
324 creatures vanquished.

Vanquished Creatures (others)
  A fungus (D:1)
1 creature vanquished.

Grand Total: 325 creatures vanquished

Notes
Turn   | Place    | Note
-------+----------+-------------------------------------------
     0 | D:1      | Johnny the Deep Elf Earth Elementalist began the quest for
                  | the Orb.
     0 | D:1      | Reached XP level 1. HP: 10/10 MP: 6/6
   300 | D:1      | Reached XP level 2. HP: 16/16 MP: 6/8
   310 | D:1      | Reached skill level 1 in Fighting
   911 | D:1      | Found a faded altar of an unknown god.
   994 | D:1      | Reached XP level 3. HP: 20/20 MP: 6/10
  1432 | D:2      | Learned a level 3 spell: Stone Arrow
  1580 | D:2      | Reached XP level 4. HP: 18/26 MP: 11/11
  1581 | D:2      | Reached skill level 4 in Spellcasting
  1979 | D:2      | Noticed a necrophage
  1983 | D:2      | Killed a necrophage
  1984 | D:2      | Reached XP level 5. HP: 32/32 MP: 9/13
  2320 | D:3      | Found an ornate altar of the Wu Jian Council.
  2419 | D:3      | Found a snail-covered altar of Cheibriados.
  2838 | D:3      | Noticed Grinder
  2853 | D:3      | Killed Grinder
  2854 | D:3      | Reached skill level 5 in Spellcasting
  2854 | D:3      | Reached skill level 5 in Earth Magic
  2854 | D:3      | Reached XP level 6. HP: 38/38 MP: 2/16
  3601 | D:4      | Reached XP level 7. HP: 21/43 MP: 10/17
  4079 | D:4      | Reached skill level 6 in Spellcasting
  4217 | D:4      | Reached skill level 5 in Fighting
  4532 | D:5      | Entered Level 5 of the Dungeon
  4713 | D:5      | Reached XP level 8. HP: 50/50 MP: 12/20
  4806 | D:5      | Reached skill level 7 in Spellcasting
  4889 | D:5      | Noticed Dowan
  4891 | D:5      | Noticed Duvessa
  4900 | D:5      | Noticed Blork the orc
  4902 | D:5      | Killed Duvessa
  4905 | D:4      | Found a blossoming altar of Fedhas.
  4905 | D:4      | Found a sparkling altar of Nemelex Xobeh.
  4909 | D:4      | Found a shimmering blue altar of Sif Muna.
  4993 | D:4      | Killed Dowan
  5022 | D:5      | Killed Blork the orc
  5200 | D:5      | Noticed Eustachio
  5269 | D:5      | Killed Eustachio
  5397 | D:5      | Found a staircase to the Ecumenical Temple.
  5414 | Temple   | Entered the Ecumenical Temple
  5582 | D:5      | Reached skill level 8 in Spellcasting
  5669 | D:5      | Found Qaulixef's Magic Scroll Boutique.
  5790 | D:5      | Noticed Menkaure
  5795 | D:5      | Killed Menkaure
  5895 | D:5      | Reached XP level 9. HP: 56/56 MP: 13/23
  6438 | D:6      | Paralysed by a hornet for 3 turns
  6482 | D:6      | Reached skill level 9 in Spellcasting
  6598 | D:6      | Found a runed translucent door.
  6599 | D:6      | Noticed Crazy Yiuf
  7353 | D:6      | Found a burning altar of Makhleb.
  7362 | D:6      | Learned a level 4 spell: Petrify
  7563 | D:6      | Found an iron altar of Okawaru.
  7795 | D:6      | Killed Crazy Yiuf
  7873 | D:5      | Bought a scroll of identify for 24 gold pieces
  7873 | D:5      | Bought a scroll of identify for 24 gold pieces
  7873 | D:5      | Bought a scroll of identify for 24 gold pieces
  7873 | D:5      | Bought a scroll of fog for 24 gold pieces
  7873 | D:5      | Bought a scroll of enchant armour for 90 gold pieces
  7984 | D:7      | Noticed Pikel
  7997 | D:7      | Killed Pikel
  7998 | D:7      | Reached XP level 10. HP: 46/65 MP: 10/25
  8153 | D:7      | Noticed Prince Ribbit
  8160 | D:7      | Killed Prince Ribbit
  8161 | D:7      | Reached skill level 10 in Spellcasting
  8681 | D:7      | Found a stormy altar of Qazlal.
  8741 | D:8      | Noticed a two-headed ogre
  8745 | D:8      | Killed a two-headed ogre
  9117 | D:8      | Reached skill level 11 in Spellcasting
  9872 | D:8      | Reached skill level 10 in Fighting
 10090 | D:8      | Found a shimmering altar of Xom.
 10267 | D:8      | Found a radiant altar of Vehumet.
 10555 | D:9      | Found a broken altar of Ashenzari.
 10588 | D:9      | Reached XP level 11. HP: 72/72 MP: 24/28
 10591 | D:9      | Reached skill level 10 in Earth Magic
 10705 | D:9      | Found a shadowy altar of Dithmenos.
 10902 | D:9      | Became a worshipper of Dithmenos the Shadowed
 10944 | D:9      | Found Esosor's Weapon Boutique.
 11019 | D:9      | Found an ancient bone altar of Kikubaaqudgha.
 11246 | D:10     | Entered Level 10 of the Dungeon
 11375 | D:10     | Noticed a two-headed ogre
 11380 | D:10     | Killed a two-headed ogre
 11381 | D:10     | Reached skill level 12 in Spellcasting
 11922 | D:10     | Reached * piety under Dithmenos
 12175 | D:11     | Found a staircase to the Lair.
 12184 | D:11     | Noticed an eight-headed hydra
 12189 | D:11     | Killed an eight-headed hydra
 12616 | D:11     | Identified the +5 chain mail of Exoicwot {Int+2}
 12797 | D:11     | Noticed Snorg
 12815 | D:11     | Killed Snorg
 13128 | D:11     | Reached skill level 13 in Spellcasting
 13399 | D:11     | Found a glowing golden altar of the Shining One.
 13535 | D:12     | Found a frozen archway.
 13546 | D:12     | Reached XP level 12. HP: 64/80 MP: 6/31
 13547 | D:12     | Reached ** piety under Dithmenos
 13569 | IceCv    | Entered an ice cave
 14421 | IceCv    | Reached *** piety under Dithmenos
 14577 | IceCv    | Noticed a reaper
 14583 | IceCv    | Mangled by a reaper

Illustrated notes

Levels and vault maps discovered:
D:1:      lemuel_arrival_broad_hall, layout_basic,
          shapermc_ecumenical_altar_acropolis, minmay_worlds_worst_comb
D:2:      kennysheep_six_static_rooms, layout_basic
D:3:      layout_loops_corners, lemuel_crystal_altar,
          pdpol_wu_jian_five_deadly_venoms, minmay_fractal_squares_gapless_5,
          uniq_grinder
D:4:      layout_gridville, nicolae_overflow_hidden_temple
D:5:      layout_rooms, minmay_temple_entry_fiery, serial_shops,
          nicolae_take_the_stairs, kennysheep_small_spiral, hex_intersection,
          uniq_duvessa, uniq_menkaure, uniq_eustachio, uniq_blork_the_orc
D:6:      layout_loops_ring, okawaru_altar_gauntlet_db, kennysheep_little_box,
          uniq_crazy_yiuf_cottage
D:7:      layout_rooms, marbit_many_paths, uniq_prince_ribbit1, uniq_pikel
D:8:      nzn_winding_woodlands_three_and_one [nzn_winding_woodlands_5x15_cabin,
          nzn_winding_woodlands_5x15_sawtooth,
          nzn_winding_woodlands_5x15_sidewinder,
          nzn_winding_woodlands_center_triple_pond], layout_cave_pods,
          lemuel_coloured_pillars_altar, kennysheep_mini
D:9:      layout_rooms, kennysheep_vampire_church, nicolae_ashenzari_skybound,
          nicolae_dithmenos_shadow_blocks, serial_shops, nicolae_stop_n_shop_1
D:10:     lemuel_flame_loot_2, layout_cave_pools
D:11:     layout_roguey, lair_entry_dummy, tso_oasis_becter, uniq_snorg
D:12:     layout_stronghold, orc_0_dummy, portal_ice_cave_entry_imps,
          ebering_ghost_inner_flame
Temple:   nicolae_temple_figure_zero
IceCv:    ice_cave_small_demon

Skill      XL: |  1  2  3  4  5  6  7  8  9 10 11 12 |
---------------+-------------------------------------+-----
Fighting       | 1 2 3 4 5 6 8 10 11 12 | 12.1
Spellcasting   | 4 5 6 8 9 11 13 | 13.5
Earth Magic    | 4 5 6 7 8 9 11 | 11.6
Dodging        | |  2.4
Stealth        | |  2.4
Transmutations | |  1.1

Action                   |  1- 3 |  4- 6 |  7- 9 | 10-12 || total
-------------------------+-------+-------+-------+-------++-------
Melee: Mace              |   110 |    77 |       |       ||   187
       Dagger            |       |    41 |    50 |       ||    91
       Morningstar       |       |       |    19 |       ||    19
       Whip              |       |       |       |    46 ||    46
 Cast: Sandblast         |    32 |    35 |    48 |   113 ||   228
       Stone Arrow       |       |     7 |   112 |   206 ||   325
       Petrify           |       |       |       |     3 ||     3
Evoke: Wand              |       |     1 |    33 |    56 ||    90
       Piece from Xom's  |       |       |       |     1 ||     1
  Use: Scroll            |       |     2 |    10 |    11 ||    23
       Potion            |       |       |     1 |     1 ||     2
 Stab: Sleeping          |     6 |     4 |     1 |     5 ||    16
Armor: Leather armour    |    53 |    36 |    29 |    15 ||   133
       Robe              |       |       |       |    24 ||    24
       Troll leather arm |       |       |       |    20 ||    20
Dodge: Dodged            |    98 |    98 |    75 |   119 ||   390

Table legend: (Time is in decaauts)
 A = Elapsed time spent in this place.
 B = Non-inter-level travel time spent in this place.
 C = Inter-level travel time spent in this place.
 D = Time resting spent in this place.
 E = Time spent auto-exploring this place.
 F = Levels seen in this place.
 G = Mean time per level.
                   A        B        C        D        E       F      G
               +--------+--------+--------+--------+--------+-----+--------+
         Total |  14664 |  14209 |    455 |   3457 |   8308 |  14 | 1047.4 |
       Dungeon |  13499 |  13053 |    446 |   2791 |   8046 |  12 | 1124.9 |
        Temple |    140 |    131 |      9 |      0 |    113 |   1 |  140.0 |
      Ice Cave |   1023 |   1023 |      0 |    666 |    149 |   1 | 1023.0 |
               +--------+--------+--------+--------+--------+-----+--------+

Top non-repeatable levels by time:
     D:8: 1779 daAuts
     D:6: 1758 daAuts
     D:5: 1387 daAuts
    D:11: 1375 daAuts
     D:3: 1311 daAuts
     D:1: 1288 daAuts
     D:4: 1151 daAuts
   IceCv: 1023 daAuts
     D:2: 962 daAuts
    D:10: 869 daAuts
     D:7: 808 daAuts
     D:9: 727 daAuts
  Temple: 140 daAuts
    D:12: 80 daAuts
